 Dungeon Crawl Stone Soup version 0.29-a0-322-g68df515428 (webtiles) character file.

Game seed: 3233122660224874526

675 testman the Chiller (level 7, -7/54 HPs)
             Began as a Merfolk Ice Elementalist on Apr 7, 2022.
             Was an Initiate of Gozag.
             Killed from afar by a steam dragon (21 damage)
             ... with a ball of steam
             ... on level 5 of the Dungeon.
             The game lasted 00:56:02 (4941 turns).

testman the Chiller (Merfolk Ice Elementalist)      Turns: 4941, Time: 00:56:10

Health: -7/54      AC:  5    Str:  9    XL:     7   Next: 59%
Magic:  8/11       EV: 12    Int: 22    God:    Gozag
Gold:   606        SH:  0    Dex: 14    Spells: 5/12 levels left

rFire   . . .      SeeInvis .   w - +0 trident
rCold   . . .      Faith    .   (no shield)
rNeg    . . .      Spirit   .   a - +0 robe
rPois   .          Reflect  .   (no helmet)
rElec   .          Harm     .   (no cloak)
rCorr   .          Rampage  .   p - +2 pair of gloves
Will    .....                   (no boots)
Stlth   ++........              (no amulet)
HPRegen 0.18/turn               u - +6 ring of intelligence
MPRegen 0.12/turn               (no ring)

@: gold aura, freezing walls
A: (nimble swimmer 2), mertail
a: Renounce Religion, Potion Petition, Call Merchant, Bribe Branch


You were on level 5 of the Dungeon.
You worshipped Gozag.
Gozag was pleased with you.
You visited 1 branch of the dungeon, and saw 5 of its levels.

You collected 627 gold pieces.
You paid 21 gold pieces to Gozag.

Inventory:

Hand Weapons
 w - a +0 trident (weapon)
 y - a +2 dagger of venom
Missiles
 c - 84 stones
 n - 3 silver javelins
 r - 2 javelins
 x - 2 poisoned darts
Armour
 a - a +0 robe (worn)
 p - a +2 pair of gloves (worn)
Jewellery
 f - a ring of fire
 u - a +6 ring of intelligence (left hand)
Scrolls
 d - 2 scrolls of fear
 l - a scroll of immolation
 m - 2 scrolls of vulnerability
 o - a scroll of identify
 s - 2 scrolls of fog
 t - a scroll of teleportation
Potions
 b - a potion of magic
 e - a potion of degeneration {unknown}
 g - a potion of brilliance {unknown}
 h - a potion of might {unknown}
 i - 2 potions of ambrosia {unknown}
 j - a potion of cancellation {unknown}
 k - 2 potions of berserk rage {unknown}
 v - a potion of flight {unknown}


   Skills:
 + Level 4.3 Fighting
 + Level 4.8 Polearms
 - Level 2.6 Dodging
 - Level 2.1 Stealth
 + Level 3.0 Spellcasting
 + Level 7.0 Ice Magic


You had 5 spell levels left.
You knew the following spells:

 Your Spells              Type           Power      Damage    Failure   Level
a - Freeze                Ice            100%       1d11      1%          1
b - Frozen Ramparts       Ice            68%        1d8       1%          3
c - Ozocubu's Armour      Ice            34%        N/A       1%          3

Your spell library contained the following spells:

 Spells                   Type           Power      Damage    Failure   Level
 Apportation              Tloc           6%         N/A       12%         1
 Hailstorm                Conj/Ice       18%        3d6       28%         4
 Summon Ice Beast         Ice/Summ       18%        N/A       28%         4
 Tukima's Dance           Hex            3%         N/A       36%         3
 Anguish                  Hex/Necr       1%         N/A       77%         4
 Alistair's Intoxication  Tmut/Pois      2%         N/A       98%         5
 Summon Mana Viper        Hex/Summ       3%         N/A       98%         5
 Enfeeble                 Hex            1%         N/A       100%        7
 Monstrous Menagerie      Summ           1%         N/A       100%        7


Dungeon Overview and Level Annotations

Branches:
Dungeon (5/15)
 Temple: D:4-7

Altars:
Ashenzari
Gozag
Hepliaklqana
Nemelex Xobeh
Qazlal
Ru
Vehumet

Shops:
D:3 [


Innate Abilities, Weirdness & Mutations

((You are very nimble when in or above water. (Stealth+, EV+, Speed+++)))
Your lower body shifts to a powerful aquatic tail in water.


Message History

The ice beast is almost dead.
The ice beast hits you but does no damage.
You hit the ice beast but do no damage.
The ice beast is almost dead.
The ice beast hits you. The ice beast freezes you.
You hit the ice beast but do no damage.
The ice beast is almost dead.
The ice beast hits you. The ice beast freezes you!
* * * LOW HITPOINT WARNING * * *
You are too injured to fight recklessly!
You are too injured to fight recklessly!
You are too injured to fight recklessly!
You are too injured to fight recklessly!
You are too injured to fight recklessly!
You are too injured to fight recklessly!
Casting: Ozocubu's Armour (dangerous; 2% risk of failure)
Confirm with . or Enter, or press ? or * to list all spells.
Casting: Frozen Ramparts (dangerous; 2% risk of failure)
Press: ? - help, Dir - look around, f - activate The walls around you are covered in ice.
Your icy armour starts to melt.
The ice beast completely resists.
The wall freezes the ice beast but does no damage.
The ice beast hits you but does no damage.
The wall freezes the iguana!
The iguana seems to slow down.
You hit the ice beast.
You kill the ice beast!
The wall freezes the steam dragon!
The wall freezes the iguana!
You kill the iguana!
Your Fighting skill increases to level 4!
Your Ice Magic skill increases to level 7!
This spell is quite dangerous to cast!
Memorise Hailstorm, consuming 4 spell levels and leaving 1?
You start memorising the spell.
You continue memorising.
The wall freezes the steam dragon.
The steam dragon breathes steam at you.
Your memorisation is interrupted.
The ball of steam hits you!!
Your icy armour melts away.
You die...
Your body crumbles into a pile of gold.

#. #. .. #.
... #. .>.. #.
##.. #D #...
#.#ยง######
..#
#>..@....###.#
###.####...<.#
$ ... #####.#
#..## ## #..#
...# ###


You could see a steam dragon (catching breath).

Vanquished Creatures
  An ice beast (D:5)
  A black bear (D:4)
  A phantom (D:4)
  4 orc priests (D:4)
  A hound (D:4)
  2 iguanas
  3 orc wizards (D:4)
  6 adders
  2 worms (D:3)
  4 dart slugs
  6 orcs
  6 endoplasms
  5 giant cockroaches
  10 goblins
  2 hobgoblins (D:4)
  3 jackals (D:4)
  2 quokkas
  6 ball pythons
  6 bats
  5 frilled lizards
  12 kobolds
  5 rats
93 creatures vanquished.

Vanquished Creatures (others)
  2 fungi (D:4)
  A plant (D:3)
  4 toadstools (D:4)
7 creatures vanquished.

Grand Total: 100 creatures vanquished

Notes
Turn   | Place    | Note
-------+----------+-------------------------------------------
     0 | D:1      | testman the Merfolk Ice Elementalist began the quest for
                  | the Orb.
     0 | D:1      | Reached XP level 1. HP: 13/13 MP: 3/3
   242 | D:1      | Reached XP level 2. HP: 14/19 MP: 0/5
  1143 | D:2      | Reached skill level 5 in Ice Magic
  1143 | D:2      | Reached XP level 3. HP: 24/24 MP: 5/7
  1291 | D:2      | Learned a level 3 spell: Frozen Ramparts
  1295 | D:2      | Learned a level 3 spell: Ozocubu's Armour
  1427 | D:2      | Found an opulent altar of Gozag.
  1453 | D:2      | Became a worshipper of Gozag Ym Sagoz the Greedy
  2175 | D:3      | Found a hazy altar of Hepliaklqana.
  2179 | D:3      | Reached XP level 4. HP: 30/30 MP: 8/8
  2406 | D:3      | Found a broken altar of Ashenzari.
  2654 | D:3      | Found Vida's Antique Armour Emporium.
  2717 | D:3      | Found a sparkling altar of Nemelex Xobeh.
  2785 | D:3      | Found a stormy altar of Qazlal.
  2827 | D:3      | Reached skill level 1 in Fighting
  2945 | D:3      | Found a sacrificial altar of Ru.
  2945 | D:3      | Found a radiant altar of Vehumet.
  3293 | D:3      | Found a faded altar of an unknown god.
  3665 | D:4      | Reached skill level 1 in Polearms
  3665 | D:4      | Reached XP level 5. HP: 38/38 MP: 2/9
  3750 | D:4      | Noticed a black bear
  3758 | D:4      | Killed a black bear
  3759 | D:4      | Reached skill level 6 in Ice Magic
  3849 | D:4      | Reached XP level 6. HP: 46/46 MP: 6/10
  3998 | D:4      | Reached XP level 7. HP: 14/52 MP: 4/11
  4894 | D:5      | Entered Level 5 of the Dungeon
  4932 | D:5      | Noticed a steam dragon
  4940 | D:5      | Reached skill level 7 in Ice Magic
  4941 | D:5      | Killed from afar by a steam dragon

Illustrated notes

Levels and vault maps discovered:
D:1:      minmay_arrival_solitary_statue, layout_loops_ring, due_unseen_surprise
D:2:      layout_basic, basic_altar, minmay_misc_feat_tiny, minmay_hexomino_f4
D:3:      layout_rooms, mainiacjoe_overflow_surrounded_room,
          nicolae_hepliaklqana_hippocampus, nicolae_overflow_hidden_temple,
          mainiacjoe_overflow_cross_hatched, gammafunk_temple_overflow_pools,
          serial_shops, nicolae_lakefront_shop, shapermc_ecumenical_altar_petra,
          dk_vineyard_2, roderic_lattice_a, chequers_serial_rivers_room_a
D:4:      minmay_octagon_keep, layout_rooms, minmay_gold_behind_fungi
D:5:      layout_rooms, minmay_temple_entry_enclosed_plants,
          roderic_roman_lattice, minmay_between

Skill      XL: |  1  2  3  4  5  6  7 |
---------------+----------------------+-----
Ice Magic      | 5 6 7 |  7.0
Spellcasting   | 3 |  3.0
Fighting       | 1 2 3 4 |  4.3
Polearms       | 1 2 3 4 |  4.8
Dodging        | |  2.6
Stealth        | |  2.1

Action                   |  1- 3 |  4- 6 |  7- 9 || total
-------------------------+-------+-------+-------++-------
Melee: Dagger            |    14 |       |       ||    14
       Punch             |     1 |       |     2 ||     3
       Hand axe          |    13 |     8 |       ||    21
       Short sword       |       |    68 |     4 ||    72
       Trident           |       |       |    53 ||    53
Throw: Stone             |     3 |       |       ||     3
       Javelin           |       |     2 |     2 ||     4
       Dart              |       |       |     1 ||     1
 Cast: Freeze            |    36 |     7 |     4 ||    47
       Frozen Ramparts   |     2 |    15 |     6 ||    23
       Ozocubu's Armour  |       |     2 |     1 ||     3
  Use: Scroll            |       |       |     5 ||     5
 Stab: Sleeping          |     8 |     2 |     1 ||    11
Armor: Robe              |     2 |    17 |    23 ||    42
Dodge: Dodged            |    31 |    41 |    20 ||    92

Table legend: (Time is in decaauts)
 A = Elapsed time spent in this place.
 B = Non-inter-level travel time spent in this place.
 C = Inter-level travel time spent in this place.
 D = Time resting spent in this place.
 E = Time spent auto-exploring this place.
 F = Levels seen in this place.
 G = Mean time per level.
                   A        B        C        D        E       F      G
               +--------+--------+--------+--------+--------+-----+--------+
         Total |   4952 |   4700 |    252 |    906 |   3063 |   5 |  990.4 |
       Dungeon |   4952 |   4700 |    252 |    906 |   3063 |   5 |  990.4 |
               +--------+--------+--------+--------+--------+-----+--------+

Top non-repeatable levels by time:
     D:4: 1506 daAuts
     D:3: 1265 daAuts
     D:2: 1120 daAuts
     D:1: 1010 daAuts
     D:5: 49 daAuts
